Cogmind - Beta 16 @@@ ROGUE MODE // 2025.12.31 @ 16:30:07 Player: Arttano Result: Destroyed by X-62 Marksman with Pulse Rifle Performance ------------- Evolutions (2) 1000 Regions Visited (4) 800 Robots Destroyed (56) 280 Value Destroyed (1309) 1309 Prototype IDs (6) 120 Alien Tech Used (0) 0 Bonus (0) 0 TOTAL SCORE: 3509 Bonus ------- None Cogmind --------- Core Integrity 0/550 Matter 205/300 Energy 125/125 System Corruption 2% Temperature Cool (9) Movement Core (800) Ox15 Location -8/Materials Parts ------- > --- POWER (1) -------- Light Ion Engine > --- PROPULSION (4) --- (None) > --- UTILITY (4) ------ High-capacity Storage Unit Hacking Suite > --- WEAPON (2) ------- Light Assault Rifle Rocket Launcher > --- INVENTORY (20) --- Light Ion Engine Light Nuclear Core Light Nuclear Core Compact Wheel Medium Storage Unit Advanced Weight Redist. System Advanced Weight Redist. System Improved Signal Interpreter Recoil Stabilizer Hacking Suite Hacking Suite Datajack Mining Claw Peak State ------------ > --- POWER ------------ Subdweller Power Source > --- PROPULSION ------- Aluminum Leg Aluminum Leg Improved Aluminum Leg Carbon-fiber Leg > --- UTILITY ---------- High-capacity Storage Unit Signal Interpreter Improved Terrain Scanner Hacking Suite > --- WEAPON ----------- Light Assault Rifle Light Assault Rifle > --- INVENTORY -------- Light Ion Engine Light Ion Engine Light Nuclear Core Aluminum Leg Compact Wheel Medium Storage Unit Advanced Weight Redist. System Advanced Weight Redist. System Hacking Suite Hacking Suite Assault Rifle High-powered Shotgun Light Cannon Rocket Launcher Rocket Launcher Datajack Mining Claw [Rating: 22] Favorites ----------- Power Ion Engine Engine Ion Engine Power Core Nuclear Core Propulsion Aluminum Leg Leg Aluminum Leg Wheel Compact Wheel Utility High-capacity Storage Unit Device Seismic Detector Storage High-capacity Storage Unit Processor Signal Interpreter Hackware Hacking Suite Protection Medium Armor Plating Weapon Heavy Assault Rifle Energy Gun EM Pulse Gun Ballistic Gun Heavy Assault Rifle Ballistic Cannon Light Cannon Launcher Rocket Launcher Slashing Weapon Mining Claw Special Melee Weapon Datajack Build | -11 -10 -10 -10 -8 ------- Run | Yrd Mat Min Sub Mat Slots Evolved 4 | . . . . 4 Power . | . . . . . Propulsion 2 | . . . . 2 Utility 2 | . . . . 2 Weapon . | . . . . . Parts Attached 42 | 9 9 2 5 17 Power 5 | 1 1 . 1 2 Engine 4 | 1 1 . 1 1 Core 1 | . . . . 1 Reactor . | . . . . . Propulsion 13 | 2 3 . 1 7 Treads . | . . . . . Leg 12 | 2 2 . 1 7 Wheel 1 | . 1 . . . Hover . | . . . . . Flight . | . . . . . Utility 10 | 3 2 . 1 4 Device 2 | 2 . . . . Storage 4 | 1 2 . . 1 Processor 1 | . . . . 1 Hackware 1 | . . . . 1 Protection 2 | . . . 1 1 Artifact . | . . . . . Weapon 14 | 3 3 2 2 4 Energy Gun 1 | 1 . . . . Energy Cannon . | . . . . . Ballistic Gun 7 | 2 2 . . 3 Ballistic Cannon 2 | . . . 1 1 Launcher 2 | . . 2 . . Special Weapon . | . . . . . Impact Weapon . | . . . . . Slashing Weapon 1 | . 1 . . . Piercing Weapon . | . . . . . Special Melee Weapon 1 | . . . 1 . Unidentified Prototypes . | . . . . . Parts Lost 27 | . 2 . 3 22 Power 3 | . 1 . 1 1 Propulsion 11 | . . . . 11 Utility 5 | . . . 1 4 Weapon 8 | . 1 . 1 6 Highest Loss Streak 13 | . 2 . 2 13 To Critical Strikes 2 | . . . . 2 Average Backups 16 | 3 12 19 18 17 Power 2 | . 2 3 3 3 Propulsion 3 | 2 2 5 4 2 Utility 4 | . 3 5 5 5 Weapon 4 | . 4 5 5 5 Tool/Special . | . . . . . Unused Backups 11 | . 2 . . 9 Power 3 | . . . . 3 Propulsion 2 | . 2 . . . Utility 6 | . . . . 6 Weapon . | . . . . . Tool/Special . | . . . . . Average Slot Usage (%) 95 | . 99 100 87 93 Engine 10 | . 13 14 7 4 Core 1 | . . . . 4 Leg 28 | . 28 28 28 31 Device 10 | . 14 14 8 3 Storage 13 | . 14 14 14 10 Processor 2 | . . . . 8 Hackware 1 | . . . . 7 Protection 2 | . . . 5 4 Ballistic Gun 20 | . 27 24 8 13 Ballistic Cannon 2 | . . . 9 3 Peak Build Rating 22 | 9 11 11 11 22 Average Rating 11 | 5 10 10 9 18 On Entrance 7 | . 7 10 11 11 Avg Prop Armor Cover (%) . | . . . . . Naked Turns . | . . . . . Heaviest Build 69 | 15 52 54 57 69 Greatest Support 48 | 20 20 20 20 48 Greatest Overweight (x) 4 | 2 2 2 2 4 Average Overweight (x) 1 | . 1 2 2 . Largest Inventory Capacity 20 | 8 20 20 20 20 Average Capacity 18 | 7 16 20 20 20 Most Carried 20 | 6 20 20 20 20 Average Carried 16 | 4 12 19 18 17 Final Capacity 20 | 8 20 20 20 20 Final Carried 20 | 6 19 20 18 13 Class Distribution -------------------- 55% | Mutant 44% | Scavenger-Mutant Dominant Class ---------------- Mutant | -10/Materials Scavenger-Mutant | -10/Mines Mutant | -10/Subcaves Mutant | -8/Materials Resources | -11 -10 -10 -10 -8 ----------- Run | Yrd Mat Min Sub Mat Matter Collected 1452 | 257 391 151 139 514 Remotely . | . . . . . Salvage Created 1430 | 50 426 114 139 701 Parts 117 | 7 36 12 7 55 Haulers Intercepted 5 | . 2 . . 3 Recyclers Shooed . | . . . . . Parts Field Recycled . | . . . . . Retrieved Matter . | . . . . . Parts Self-Destructed . | . . . . . Prevented . | . . . . . Parts Restored . | . . . . . Kills | -11 -10 -10 -10 -8 ------- Run | Yrd Mat Min Sub Mat Combat Hostiles Destroyed 42 | . 11 8 3 20 Guns 24 | . 11 3 2 8 Cannons 7 | . . . 1 6 AOE 11 | . . 5 . 6 Classes Destroyed 10 | 1 4 . 1 4 Worker 2 | . . . . 2 Tunneler 2 | 2 . . . . Hauler 5 | . 2 . . 3 Mechanic 1 | . . . . 1 Operator 4 | . 2 . . 2 Swarmer 21 | . 6 6 . 9 Grunt 15 | . 5 2 . 8 Sentry 1 | . . . . 1 Hunter 2 | . . . . 2 Subdweller 3 | . . . 3 . Best Kill Streak 7 | 2 3 3 2 7 Combat Bots Only 6 | . 3 3 2 6 Max Kills in Single Turn 3 | 1 2 3 1 3 Gunslinging 1 | . 1 . . . Exploded 3 | . . 3 . 2 Melee . | . . . . . Uniques/NPCs Destroyed . | . . . . . Combat | -11 -10 -10 -10 -8 -------- Run | Yrd Mat Min Sub Mat Hostile Shots Fired 325 | . 50 35 12 228 Missed 88 | . 9 10 3 66 Hits 237 | . 41 25 9 162 Projectile 237 | . 41 25 9 162 Critical Strikes 5 | . . 1 1 3 Damage Taken 3264 | . 435 257 234 2338 Core 668 | . 34 20 50 564 Absorbed by Shields . | . . . . . Core Remaining (%) 79 | 100 . . 58 . Volleys Fired 132 | 2 42 11 9 68 Largest 2 | 2 2 2 2 2 Hottest 66 | 40 46 66 53 66 Shots Fired 262 | 4 82 22 18 136 Gun 210 | 4 82 15 9 100 Cannon 34 | . . . 9 25 Launcher 18 | . . 7 . 11 Special . | . . . . . Kinetic 244 | 4 82 15 18 125 Thermal . | . . . . . Explosive 18 | . . 7 . 11 Electromagnetic . | . . . . . Robot Hit Streak 12 | 3 9 4 10 12 Robot Miss Streak 5 | . 4 2 2 5 Penetration Max . | . . . . . Secondary Targets 1 | . 1 . . . Max Gunslinging Chain 1 | . 1 . . . Shots Hit Robots 158 | 3 48 11 17 79 Core Hits 94 | 2 22 9 5 56 Critical Kills . | . . . . . Critical Parts Destroyed . | . . . . . Critical Strikes 1 | . . . 1 . Blast 1 | . . . 1 . Melee Attacks 7 | . 3 . 4 . Impact . | . . . . . Slashing 3 | . 3 . . . Piercing . | . . . . . Sneak Attacks . | . . . . . Combat Hostiles . | . . . . . Follow-up Attacks . | . . . . . Damage Inflicted 3139 | 39 734 547 211 1608 Guns 1560 | 39 734 153 95 539 Cannons 364 | . . . 116 248 Explosions 1215 | . . 394 . 821 Melee . | . . . . . Ramming . | . . . . . Kinetic 1924 | 39 734 153 211 787 Thermal 237 | . . . . 237 Explosive 978 | . . 394 . 584 Electromagnetic . | . . . . . Impact . | . . . . . Slashing . | . . . . . Piercing . | . . . . . Highest Corruption 2 | . . . . 2 Average Corruption 1 | . . . . 1 Corruption Purged . | . . . . . Corruption Blocked . | . . . . . Effects 1 | . . . . 1 Message Errors 1 | . . . . 1 Overload Shots . | . . . . . Overflow Damage 9 | . . . . 9 Projectiles . | . . . . . Explosions 9 | . . . . 9 Melee . | . . . . . Knockbacks 3 | . . . 1 2 Impact . | . . . . . Kinetic 3 | . . . 1 2 Secondary . | . . . . . Self-Inflicted Damage 112 | . . 21 . 91 Shots 4 | . . 1 . 3 Rammed . | . . . . . Targets Rammed . | . . . . . Kicked . | . . . . . Crushed . | . . . . . Highest Temperature 48 | . 4 48 . 27 Average Temperature 8 | . 2 26 . 4 Received Heat Transfer 615 | . 162 87 24 342 Siege Activations . | . . . . . Martial Activations . | . . . . . Shielding Activations . | . . . . . Robots Disrupted . | . . . . . Combat Hostiles . | . . . . . Robots Corrupted . | . . . . . Combat Hostiles . | . . . . . Parts Fried . | . . . . . Impact Corruptions . | . . . . . Robots Melted . | . . . . . Combat Hostiles . | . . . . . Parts Melted . | . . . . . Heat Transferred 200 | . . . . 200 Parts Sabotaged . | . . . . . Parts Stolen . | . . . . . Parts Stripped . | . . . . . Power Chain Reactions . | . . . . . Alert | -11 -10 -10 -10 -8 ------- Run | Yrd Mat Min Sub Mat Maximum Alert Level 1 | . . . . 1 Low Security (%) 97 | 100 100 100 . 93 Level 1 2 | . . . . 6 Level 2 . | . . . . . Level 3 . | . . . . . Level 4 . | . . . . . Level 5 . | . . . . . High Security . | . . . . . Max Security . | . . . . . Peak Influence 267 | 5 70 81 . 267 Initial 1 | . . 1 . . Average 43 | 1 14 16 . 113 Influence Increases 1356 | 10 370 230 . 746 Destroy 0b10 Robot/C 780 | . 220 160 . 400 Destroy 0b10 Robot/NC 70 | 10 20 . . 40 Destroy Leader 180 | . 54 30 . 96 Successful Hack 55 | . 27 . . 28 Disable Machine 75 | . 15 . . 60 Destroy Structure 151 | . 4 40 . 107 Lose Combat Pursuer 45 | . 30 . . 15 Influence Decreases 1207 | 10 366 185 49 597 Entered New Map 29 | . . 3 26 . Time Decay 938 | 10 346 182 23 377 Lost Part 240 | . 20 . . 220 Squads Dispatched 5 | . 1 . . 4 Investigation 1 | . . . . 1 Extermination . | . . . . . Reinforcement 4 | . 1 . . 3 Assault . | . . . . . Garrison . | . . . . . Intercept . | . . . . . Searches Triggered . | . . . . . Construction Impeded 1 | . . . . 1 Haulers Reinforced . | . . . . . Active Scanning Responses . | . . . . . Cargo Convoy Interrupts . | . . . . . Stealth | -11 -10 -10 -10 -8 --------- Run | Yrd Mat Min Sub Mat Distress Signals 2 | . 2 . . . Communications Jammed . | . . . . . Distress Signals . | . . . . . Times Spotted 65 | . 25 8 3 29 Peak Tracking Total 5 | . 5 3 2 5 Tactical Retreats 3 | . 2 . . 1 Traps | -11 -10 -10 -10 -8 ------- Run | Yrd Mat Min Sub Mat Traps Triggered 3 | . . . 1 2 Indirectly . | . . . . . Trap Hack Attempts . | . . . . . Triggered . | . . . . . Disarmed . | . . . . . Reprogrammed . | . . . . . Reused . | . . . . . Traps Extracted . | . . . . . Installed . | . . . . . Triggered . | . . . . . Machines | -11 -10 -10 -10 -8 ---------- Run | Yrd Mat Min Sub Mat Machines Disabled 5 | . 1 . . 4 Max in Single Turn 3 | . 1 . . 3 Machines Repaired . | . . . . . Machines Dismantled . | . . . . . Machines Sabotaged . | . . . . . Overloaded Fab Kills . | . . . . . Hacking | -11 -10 -10 -10 -8 --------- Run | Yrd Mat Min Sub Mat Machines Accessed 9 | . 5 . . 4 Terminals 8 | . 5 . . 3 Fabricators . | . . . . . Repair Stations . | . . . . . Recycling Units . | . . . . . Scanalyzers 1 | . . . . 1 Garrison Access . | . . . . . Total Hacks 32 | . 17 . . 15 Successful 22 | . 10 . . 12 Failed 9 | . 7 . . 2 Catastrophic 3 | . 1 . . 2 Database Lockouts 1 | . . . . 1 Manual 15 | . 9 . . 6 Terminals 25 | . 17 . . 8 Fabricators . | . . . . . Repair Stations . | . . . . . Recycling Units . | . . . . . Scanalyzers 7 | . . . . 7 Garrison Access . | . . . . . Terminal Hacks 16 | . 10 . . 6 Record 1 | . 1 . . . Robot Analysis 3 | . 3 . . . Prototype ID Bank 3 | . 2 . . 1 Emergency Access Points 1 | . . . . 1 Terminal Index 2 | . 1 . . 1 Dispatch Records 1 | . 1 . . . Transport Status 3 | . 1 . . 2 Hauler Manifests 2 | . 1 . . 1 Fabricator Hacks . | . . . . . Repair Station Hacks . | . . . . . Recycling Unit Hacks . | . . . . . Scanalyzer 6 | . . . . 6 Insert Component 3 | . . . . 3 Analyze 3 | . . . . 3 Garrison Access Hacks . | . . . . . Unauthorized Hacks . | . . . . . Terminals . | . . . . . Fabricators . | . . . . . Repair Stations . | . . . . . Recycling Units . | . . . . . Scanalyzers . | . . . . . Garrison Access . | . . . . . Data Cores Recovered 2 | . 1 . . 1 Used . | . . . . . Hacking Detections 7 | . 4 . . 3 Full Trace Events 2 | . 1 . . 1 Feedback Events . | . . . . . Feedback Blocked . | . . . . . Robot Schematics Acquired . | . . . . . Robots Built . | . . . . . Authchips . | . . . . . Time . | . . . . . Total Robot Build Rating . | . . . . . Part Schematics Acquired 3 | . . . . 3 Parts Built . | . . . . . Authchips . | . . . . . Time . | . . . . . Total Part Build Rating . | . . . . . Part Studies Acquired . | . . . . . Parts Repaired . | . . . . . Time . | . . . . . Parts Recycled . | . . . . . Recycled Matter . | . . . . . Retrieved Matter . | . . . . . Retrieved Components . | . . . . . Parts Scanalyzed 3 | . . . . 3 Part Schematics Acquired 3 | . . . . 3 Parts Damaged . | . . . . . Bothacking | -11 -10 -10 -10 -8 ------------ Run | Yrd Mat Min Sub Mat Used RIF Installer . | . . . . . Robots Hacked . | . . . . . Non-combat . | . . . . . Combat . | . . . . . Robot Hacks Applied . | . . . . . Relay Couplers Released . | . . . . . Fabnet Peak Effective % . | . . . . . Robots Rewired . | . . . . . Allies Hacked . | . . . . . Hacks Repelled . | . . . . . Allies | -11 -10 -10 -10 -8 -------- Run | Yrd Mat Min Sub Mat Total Allies . | . . . . . Largest Group . | . . . . . Highest-Rated Group . | . . . . . Highest-Rated Ally . | . . . . . Total Orders . | . . . . . Ally Attacks . | . . . . . Total Damage . | . . . . . Kills . | . . . . . Allies Corrupted . | . . . . . Allies Melted . | . . . . . Intel | -11 -10 -10 -10 -8 ------- Run | Yrd Mat Min Sub Mat Active Infowar (turns) 3615 | 43 1652 955 518 447 Terrain 469 | 22 . . . 447 Seismic 3146 | 21 1652 955 518 . Robot Analysis Total 3 | . 3 . . . Derelict Logs Recovered 1 | . . 1 . . Drone Launches . | . . . . . Drone Recoveries . | . . . . . Exploration | -11 -10 -10 -10 -8 ------------- Run | Yrd Mat Min Sub Mat Turns Passed 4700 | 114 1652 955 858 1121 Spaces Moved 1935 | 78 664 352 312 529 Core 12 | 12 . . . . Treads . | . . . . . Legs 1923 | 66 664 352 312 529 Wheels . | . . . . . Hover . | . . . . . Flight . | . . . . . Fastest Speed 50 | 50 120 260 260 120 Average Speed 212 | 115 215 260 260 163 Slowest Speed 400 | 150 260 260 260 400 Overloaded Moves . | . . . . . Propulsion Burnouts . | . . . . . Robots Hopped . | . . . . . Potential Cave-ins . | . . . . . Cave-ins Triggered . | . . . . . Exploration Rate (%) 43 | 6 89 69 12 40 Regions Visited 4 Branch Regions 2 Pre-discovered Areas 1 | . . 1 . . Known Exits Taken . | . . . . . Unknown Exits Taken 4 | 1 1 1 1 . Scrap Searched 1 | . . 1 . . Spaces Dug 2 | . 2 . . . Terrain Destroyed 196 | . 2 67 . 127 Melee 2 | . 2 . . . Projectile . | . . . . . AOE 194 | . . 67 . 127 Terrain Rammed . | . . . . . Walls Destroyed . | . . . . . Machines Disabled . | . . . . . Actions | -11 -10 -10 -10 -8 --------- Run | Yrd Mat Min Sub Mat Total 2253 | 94 795 369 337 658 Wait 69 | . 54 2 . 13 Move 1931 | 77 663 351 311 529 Hop . | . . . . . Pick Up 36 | 6 15 1 3 11 Fast Attach 9 | 7 . . . 2 Attach 25 | . 2 . 4 19 Detach 1 | . . . . 1 Swap 32 | 2 10 4 3 13 Drop 10 | . 6 . 2 2 Fire 132 | 2 42 11 9 68 Melee 7 | . 3 . 4 . Ram . | . . . . . Kick . | . . . . . Crush . | . . . . . Escape Stasis . | . . . . . Rewire 1 | . . . 1 . Trap . | . . . . . Miscellaneous . | . . . . . Route ------- -11/Scrapyard -10/Materials (discovered 6 exits: [*Mat x3] / [*Min x2] / [*Sub]) -10/Mines (discovered 3 exits: [*Mat x2] / [*Sub]) -10/Subcaves (discovered 2 exits: *Mat x2) -8/Materials (discovered 1 exit: [*Fac]) History --------- Turn | Location | Event 11 | -11/Scrapyard | Discovered new exit (range 15) 115 | -11/Scrapyard | Entered Materials 267 | -10/Materials | Discovered new exit (range 12) 301 | -10/Materials | Build established: Mutant 355 | -10/Materials | Discovered new exit (range 10) 563 | -10/Materials | Discovered new exit (range 11) 654 | -10/Materials | Discovered new exit (range 8) 1041 | -10/Materials | Discovered new exit (range 7) 1416 | -10/Materials | Discovered new exit (range 5) 1767 | -10/Materials | Entered Mines 1839 | -10/Mines | Build established: Scavenger-Mutant 1933 | -10/Mines | Discovered new exit (range 8) 2361 | -10/Mines | Found a hidden stash of uninstalled traps 2524 | -10/Mines | Discovered new exit (range 7) 2574 | -10/Mines | Discovered new exit (range 3) 2669 | -10/Mines | Learned location of Storage (-9) 2722 | -10/Mines | Entered Subcaves 2795 | -10/Subcaves | Discovered new exit (range 5) 3453 | -10/Subcaves | Build established: Mutant 3475 | -10/Subcaves | Discovered new exit (range 7) 3580 | -10/Subcaves | Entered Materials 3580 | -8/Materials | Evolved 4 slots: Propulsion x2, Utility x2 4010 | -8/Materials | Lost 3 parts (1n1u1w) 4132 | -8/Materials | Central database locked down 4345 | -8/Materials | Discovered new exit (range 10) 4495 | -8/Materials | Build established: Scavenger-Mutant 4570 | -8/Materials | Core integrity fell below 50% 4681 | -8/Materials | Core integrity fell below 20% 4701 | -8/Materials | Destroyed by X-62 Marksman with Pulse Rifle Last Messages --------------- 04675_ Penetrated by Slug. 04676_ U-05 Engineer lays Concrete. 04678_ Acquired 57 matter. 04678_ Penetrated by Slug. 04678_ Aluminum Leg destroyed. 04685_ Penetrated by Slug. 04685_ Imp. Terrain Scanner destroyed. 04685_ Acquired 24 matter. 04688_ The unstable cave ceiling collapses. 04689_ Penetrated by Slug. 04691_ Slug penetrates X-62 Marksman. 04692_ Aluminum Leg destroyed. 04693_ Penetrated by Slug. 04693_ Hpw. Shotgun destroyed. 04695_ Slug penetrates Wall. 04695_ Rocket Launcher destroyed. 04697_ Penetrated by Slug. 04699_ The unstable cave ceiling collapses. 04699_ A-02 Transporter destroyed. 04699_ M-28 Smith destroyed. Map ----- +----------------------------------------------------+ | ??????????????????????????????????????????? | | ??????????????????????????????????????????? | | ??????????????????????????????????????????? | | ??????????????????????????????????????????? | | ??????????????????????????????????????????? | | ??????????????????????????????????????????? | | ??????????????????????????????????????????? | | ??????????????????????????????????????????? | | ??????????????????????????????????????????? | | ??????????????????????????????????????????? | | ??????????????????????????? ??????????????? | | ????????????????????????????H?????????????? | | ?????????????????????????????? ???????????? | | ??????????????????#???????? ??????????????? | | ???????????????????????????????????#??????? | | ?????????????? ???????????????????????????? | | ????????????????????##??#????????##???????? | | ?????????????????? ? #???#?#???#???#??#???? | | ???????????#????????[#??????#????##???????? | | ???????????????????? #??????????????????#?# | | ??????????????????? #??#????????????#????? | | ??????????????? ??? ##??????????##??????#? | | ??????????????????? #?????##????????#????? | | ????????? ??????### #?#?### ######?????### | | ???????????# ### # # ]## ###?#?## | | ???????????# @ = ** ###### | | ???????????# = [!%!x %=! x + | | ???????????### ##] ] = * % # "##### | | ????????????? ??# %[! #/## #??# | | ????????????????##[]# ! =/=# #?## | | ?????????????????# + #=# #### | | ?????????????????# # !# ###### | | ?????????????????# # %# + | | ????????????????? # u ! ##### | | ????????????????? ##"";#; # #?? | | ?????????????????+##### ^ ##?? | | ??????????????????????## # ## # ##??? | | ??????????????????????############### ##### | | ???????????????? ????????#?????#????# | | ???????????????????????????#?????#??# * | | ?????????????????????#????????#??#??# | | ???????????????????????#?##????????## | | ???????????????????????##???????#??#####+## | | ???????????????????????????????????# "T | | ???????????????????????????????????# ] | | ?????????????????????????????????#?# | | ??????????????????????????????????## | | ???????????????????????????????????######## | | | | | +----------------------------------------------------+ Best States ------------- Heat Dissipation 31 Energy Generation 15 Energy Capacity 250 Matter Stores 300 Matter Capacity 300 Sight Range 16 Terrain Scan Range 16 Terrain Scan Density 10 Armor Coverage 225 Evasion (%) 55 Offensive Hacking 10 Item Schematics ----------------- Adv. Weight Redist. System | -8/Materials | Scanalyzed Lgt. Armor Plating | -8/Materials | Scanalyzed Hacking Suite | -8/Materials | Scanalyzed Robot Schematics ------------------ None Fabricated ------------ Nothing Repaired ---------- Nothing Studied --------- None Alien Tech Used ----------------- None Achievements -------------- Armchair Analyst Challenges ------------ None Game ------ Seed AntigravLobotomyShield Manual? 0 Play Time 00:41:53 Cumulative 10.5 hours Start 2025.12.28 @ 15:21:04 End 2025.12.31 @ 16:30:07 Sessions 3 Manual Loads 0 Difficulty Rogue Special Mode None Game No. 13 Rogue 13 Adventurer 0 Explorer 0 Win Type - Total 0 Types 0/0/0/0/0/0/0/0/0/0 Lore% 11 Gallery% 10 Achievement% 13 Wizard Run 0 Options --------- Layout 2 ASCII 0 Keyboard 1 Movement Numpad Keybinds 0 Fullscreen 2 Font 24/Terminus Map View 50x44 Zoom Use 0% Tactical HUD 1 Map Filters NONE Filters NONE Steam 1 RUN: 13b811f3-0ecb-487e-8ee0-35bb5c6ce61d